cohdb
Replays
Latest Replays
All Replays
Popular Replays
Top Player Replays
Match Explorer
How It Works
Community
CoH3 Stats
Reddit
Sign in to upload your games and track your stats! →
Sign in with Steam
Match 28451768
Unlisted
Match 28451768
Overview
Messages
Build Orders
End
Construct Barracks
Selects Armored Battlegroup
Selects Veteran Crews
1⁄4-ton 4x4 Truck
Riflemen Squad
Riflemen Squad
Riflemen Squad
Selects Fast Deploy
Construct Medical Station
Infantry Support Center
Construct Weapon Support Center
Grenade Package
Bazooka Squad
Selects M8 Scott SPG
Selects UNKNOWN (2160077)
M8 Scott SPG
Engineer Squad
Selects Field Repairs
Bazooka Squad
a_rotator
Wrathment
0
0
Comments
sign in to comment!
No comments posted yet!